 Dungeon Crawl Stone Soup version 0.26.1-2-gb8aa6d0cf2 (webtiles) character file.

Game seed: 5708857678615340419

300 Gadfly the Skirmisher (level 6, -3/62 HPs)
             Began as an Ogre Monk on Feb 11, 2021.
             Slain by an orc
             ... wielding a +0 flail
              (5 damage)
             ... on level 5 of the Dungeon.
             The game lasted 00:06:03 (5651 turns).

Gadfly the Skirmisher (Ogre Monk)                   Turns: 5651, Time: 00:06:03

Health: -3/62      AC:  3    Str: 16 (18) XL:     6   Next: 36%
Magic:  8/8        EV:  1    Int: 11      God:
Gold:   256        SH:  0    Dex: -10 (11)Spells: 5/5 levels left

rFire    + . .     SeeInvis .   a - +0 mace "Guagowyps" {freeze, rF+}
rCold    + . .     Faith    .   (no shield)
rNeg     + . .     Spirit   .   b - +1 robe
rPois    .         Reflect  .   (helmet restricted)
rElec    .         Harm     .   (no cloak)
rCorr    .         Rampage  .   (gloves unavailable)
Will     .....                  (boots unavailable)
Stlth    ..........             (no amulet)
HPRegen  0.20/turn              l - ring of positive energy
MPRegen  0.11/turn              m - ring of protection from cold

@: slowed, lost dexterity, very slow
A: large, unfitting armour, deformed body, mutation resistance 1, tough skin 1
a: no special abilities


You were on level 5 of the Dungeon.
You visited 1 branch of the dungeon, and saw 5 of its levels.

You collected 256 gold pieces.

Inventory:

Hand Weapons
 a - the +0 mace "Guagowyps" (weapon) {freeze, rF+}
   (You found it on level 4 of the Dungeon)

   It has been specially enchanted to freeze those struck by it, causing extra
   injury to most foes and up to half again as much damage against particularly
   susceptible opponents.
   It can also slow down cold-blooded creatures.
   It protects you from fire.
Missiles
 f - 124 stones (quivered)
Armour
 b - a +1 robe (worn)
Jewellery
 l - a ring of positive energy (left hand)
 m - a ring of protection from cold (right hand)
Wands
 e - a wand of acid (10)
 n - a wand of polymorph (7)
Scrolls
 d - 2 scrolls of teleportation
 h - 3 scrolls of blinking
 j - 2 scrolls of remove curse
Potions
 c - 2 potions of heal wounds {unknown}
 g - a potion of attraction {unknown}
 i - 2 potions of cancellation


   Skills:
 - Level 4.0 Fighting
 + Level 3.2 Maces & Flails
 * Level 2.8 Throwing
 * Level 2.0 Armour
 - Level 2.6 Dodging
 - Level 1.4 Stealth
 * Level 2.9 Invocations
 * Level 2.1 Evocations


You had 5 spell levels left.
You didn't know any spells.
Your spell library was empty.

Dungeon Overview and Level Annotations

Branches:
Dungeon (5/15)
 Temple: D:4-7

Altars:
The Shining One


Innate Abilities, Weirdness & Mutations

You are too large for most types of armour.
You have tough skin. (AC +1)
Armour fits poorly on your strangely shaped body.
You are somewhat resistant to further mutation.


Message History

You barely miss the orc.
The orc is heavily wounded.
The orc hits you with a +0 flail.
* * * LOW HITPOINT WARNING * * *
You barely miss the orc.
The orc is heavily wounded.
The orc hits you with a +0 flail.
* * * LOW HITPOINT WARNING * * *
The orc hits you with a +0 flail.
* * * LOW HITPOINT WARNING * * *
You closely miss the orc.
The orc is heavily wounded.
The orc hits you with a +0 flail.
* * * LOW HITPOINT WARNING * * *
You hit the orc but do no damage.
The orc is heavily wounded.
The orc hits you with a +0 flail.
* * * LOW HITPOINT WARNING * * *
The orc hits you with a +0 flail.
You die...

##..#.# #. ##...<# #.
##..### ####.## +.....
#.. ...
##..######.###.#
##...........#.#
....######.#.#.###
#...# #.#..#.....#
....###....###.#@#
........#......o....#
.....##....###.#.#...#
##########.#.....#..##
#.#.#.### ## #...#.#
#.###.# #.


You could see an orc.

Vanquished Creatures
  A scorpion (D:4)
  A quasit (D:5)
  2 orc priests
  6 adders
  An ooze (D:4)
  4 dart slugs
  A worm (D:2)
  5 leopard geckos
  7 orcs
  4 giant cockroaches
  8 goblins
  A hobgoblin (D:1)
  8 jackals
  11 kobolds
  2 quokkas
  6 bats
  4 frilled lizards
  A goblin skeleton (D:5)
  A goblin zombie (D:5)
  3 hobgoblin zombies (D:5)
  A kobold zombie (D:5)
  2 orc skeletons (D:5)
  An orc zombie (D:5)
  5 rats
86 creatures vanquished.

Notes
Turn   | Place    | Note
-------+----------+-------------------------------------------
     0 | D:1      | Gadfly the Ogre Monk began the quest for the Orb.
     0 | D:1      | Reached XP level 1. HP: 24/24 MP: 1/1
   268 | D:1      | Reached XP level 2. HP: 6/32 MP: 2/2
   722 | D:1      | Reached skill level 1 in Invocations
   774 | D:1      | Reached skill level 1 in Throwing
   796 | D:1      | Reached XP level 3. HP: 29/39 MP: 3/3
  1470 | D:2      | Reached skill level 1 in Armour
  1470 | D:2      | Reached skill level 1 in Evocations
  1470 | D:2      | Reached XP level 4. HP: 38/48 MP: 5/5
  3016 | D:2      | Gained mutation: Armour fits poorly on your strangely
                  | shaped body. [potion of mutation]
  3016 | D:2      | Gained mutation: You are somewhat resistant to further
                  | mutation. [potion of mutation]
  3663 | D:2      | Reached XP level 5. HP: 39/54 MP: 6/6
  4224 | D:3      | Found a faded altar of an unknown god.
  4321 | D:4      | HP: 4/81 [scorpion (3)]
  4728 | D:4      | Reached XP level 6. HP: 46/62 MP: 6/8
  5254 | D:4      | Got a warped mace
  5255 | D:4      | Identified the +0 mace "Guagowyps" {freeze, rF+} (You found
                  | it on level 4 of the Dungeon)
  5271 | D:5      | Entered Level 5 of the Dungeon
  5362 | D:5      | Found a glowing golden altar of the Shining One.
  5375 | D:5      | Lost dexterity.
  5415 | D:5      | HP: 3/62 [orc zombie (3)]
  5651 | D:5      | HP: 2/62 [orc/+0 flail (5)]
  5651 | D:5      | Slain by an orc

Illustrated notes

Levels and vault maps discovered:
D:1:      saegor_arrival_miasma, layout_basic
D:2:      minmay_recursive_quarters, layout_basic, serial_rivers,
          chequers_serial_rivers_marsh, chequers_serial_rivers_micro_c,
          chequers_serial_rivers_small_b, chequers_serial_rivers_large_a,
          chequers_serial_rivers_room_b, chequers_serial_rivers_micro_b
D:3:      layout_basic, chequers_ecumenical_altar_island
D:4:      layout_basic
D:5:      layout_basic, minmay_misc_feat_roman, nicolae_tso_besieged_by_evil

Skill      XL: |  1  2  3  4  5  6 |
---------------+-------------------+-----
Invocations    | 1 2 |  2.9
Throwing       | 1 2 |  2.8
Armour         | 1 2 |  2.0
Evocations     | 1 2 |  2.1
Maces & Flails | 3 |  3.2
Fighting       | |  4.0
Dodging        | |  2.6
Stealth        | |  1.4

Action                   |  1- 3 |  4- 6 || total
-------------------------+-------+-------++-------
Melee: Mace              |   109 |   245 ||   354
Throw: Stone             |     3 |     2 ||     5
Evoke: Wand              |       |     2 ||     2
  Use: Scroll            |     5 |     5 ||    10
       Potion            |       |     8 ||     8
 Stab: Sleeping          |     4 |     3 ||     7
Armor: Robe              |    33 |    91 ||   124
       Skin              |       |   160 ||   160
Dodge: Dodged            |    85 |   132 ||   217
